 Dungeon Crawl Stone Soup version 0.31.0-32-g396128a36d (webtiles) character file.

Game seed: 3944827444488297715

11554 Curundu the Cleaver (level 11, -18/101 HPs)
             Began as a Minotaur Berserker on Mar 19, 2024.
             Was an Elder of Trog.
             Demolished by a boulder beetle (19 damage)
             ... on level 11 of the Dungeon.
             The game lasted 00:34:10 (11678 turns).

Curundu the Cleaver (Minotaur Berserker)           Turns: 11678, Time: 00:34:11

Health: -18/101    AC: 19    Str: 26    XL:     11   Next: 50%
Magic:  10/10      EV:  8    Int:  4    God:    Trog [****..]
Gold:   538        SH: 12    Dex: 10    Spells: 10/10 levels left

rFire   . . .        D - +1 war axe
rCold   . . .        L - +3 kite shield
rNeg    . . .        b - +0 plate armour
rPois   .            (helmet restricted)
rElec   .            N - +0 cloak
rCorr   .            a - +0 pair of gloves
SInv    +            A - +0 pair of boots
Will    +++..        (no amulet) Stlth
                     (no ring)
HPRegen 1.36/turn    (no ring)
MPRegen 0.12/turn

%: no passive effects
@: strong-willed, on berserk cooldown, regenerating, slowed, very slow
A: horns 2, retaliatory headbutt, see invisible, strong-willed 1
a: Renounce Religion, Berserk, Trog's Hand, Brothers in Arms


You were on level 11 of the Dungeon.
You worshipped Trog.
Trog was greatly pleased with you.
You visited 1 branch of the dungeon, and saw 11 of its levels.
You also visited: Ossuary.

You collected 538 gold pieces.

Inventory:

Hand Weapons
 D - a +1 war axe (weapon)
 M - a +5 spear of flaming
Missiles
 p - 11 javelins (quivered)
 u - 5 boomerangs
 I - a throwing net
Armour
 a - a +0 pair of gloves (worn)
 b - a +0 plate armour (worn)
 A - a +0 pair of boots (worn)
 L - a +3 kite shield (worn)
 N - a +0 cloak (worn)
Jewellery
 v - a ring of fire
 K - a +5 ring of evasion
Wands
 h - a wand of roots (6)
 o - a wand of mindburst (14)
 B - a wand of flame (38)
 C - a wand of polymorph (9)
 E - a wand of charming (26)
 H - a wand of digging (8)
Scrolls
 g - 2 scrolls of fear
 j - a scroll of poison
 k - a scroll of enchant weapon
 q - 10 scrolls of identify
 w - 3 scrolls of teleportation
 y - 2 scrolls of revelation
Potions
 c - 3 potions of enlightenment
 d - 2 potions of might
 e - a potion of degeneration {unknown}
 f - a potion of berserk rage {unknown}
 l - 5 potions of curing
 m - a potion of heal wounds
 r - a potion of mutation
 z - a potion of resistance
 J - a potion of lignification


   Skills:
 + Level 10.3 Fighting
 + Level 14.0 Axes
 + Level 11.5 Armour
 * Level 6.6 Dodging
 - Level 0.1 Stealth
 * Level 5.5 Shields


You had 10 spell levels left.
You didn't know any spells.
Your spell library was empty.

Dungeon Overview and Level Annotations

Branches:
Dungeon (11/15)            Temple (0/1) D:6            Lair (0/5) D:8
    Orc (0/2) D:10        Ossuary (visited)

Altars:
Ashenzari
Cheibriados
Elyvilon
Hepliaklqana
Kikubaaqudgha
Vehumet
The Shining One

Shops:
D:3 !   D:7 ?*(!


Innate Abilities, Weirdness & Mutations

You have a pair of horns on your head.
You reflexively headbutt those who attack you in melee.
You have supernaturally acute eyesight. (SInv)
You are strong-willed. (Will+)


Message History

Trog accepts your kill.
You hit the orc but do no damage. You block the orc's attack.
The boulder beetle hits you but does no damage.
The boulder beetle stops rolling and uncurls.
You are no longer berserk.
You are exhausted.
You feel yourself slow down.
You see here a yak corpse.
You closely miss the orc.
You hit the boulder beetle but do no damage.
You block the boulder beetle's attack. The orc barely misses you.
The boulder beetle bites you.
* * * LOW HITPOINT WARNING * * *
The orc barely misses you.
You slash the orc!
You kill the orc!
Trog accepts your kill.
You hit the boulder beetle but do no damage.
The boulder beetle bites you but does no damage.
Unknown command.
The boulder beetle attacks as it pursues you!
The boulder beetle bites you!
* * * LOW HITPOINT WARNING * * *
Items here: ))) [[[ ††††.
You hit the boulder beetle.
The boulder beetle is lightly wounded.
The boulder beetle leaps!
You see here a yak corpse.
Items here: ))) [[[ ††††.
The boulder beetle curls into a ball and begins rolling!
The boulder beetle attacks as it pursues you!
The boulder beetle hits you but does no damage.
The boulder beetle stops rolling and uncurls.
The boulder beetle bites you!!
* * * LOW HITPOINT WARNING * * *
You hit the boulder beetle but do no damage.
The boulder beetle bites you!
* * * LOW HITPOINT WARNING * * *
The boulder beetle bites you!!
You die...

. . # .#. # # ... ###
######...#.# #######..
........##.# ###.......#
...........# #...######.
........##.#####.###
####. .....B..##.†.....#
#.... ........#@.#######
##..## ......)○#B..#
##...# ......††°.#.#
######...##
......).#.#...#.......##
##.######.........###.#
#.....###.##..# #....$#
#.##.## #.#.###
#....##### #...#
####.#....


You could see a boulder beetle.

Vanquished Creatures
  A two-headed ogre (D:9)
  A cyclops (D:11)
  A manticore (D:11)
  2 komodo dragons
  3 trolls
  A shadow (D:9)
  4 wyverns
  16 yaks
  A basilisk (D:8)
  2 steam dragons
  An acid dragon (D:9)
  Duvessa (D:6)
  3 water moccasins
  5 orc warriors
  2 ice beasts (D:7)
  3 black bears
  4 ogres
  2 centaurs (D:10)
  2 wolves (D:8)
  3 elf zombies (Ossuary)
  6 bullfrogs
  A gnoll sergeant (D:8)
  4 scorpions
  9 wights
  Dowan (D:6)
  10 killer bees
  5 howler monkeys
  2 bombardier beetles
  3 centaur zombies (Ossuary)
  2 hounds
  2 jellies
  4 human zombies (Ossuary)
  5 orc priests
  3 gnoll boudas
  A sleepcap (D:6)
  2 iguanas
  9 orc wizards
  A crocodile zombie (Ossuary)
  4 mummies
  7 adders
  24 gnolls
  2 ufetubi (D:6)
  A dart slug (D:1)
  A ribbon worm (D:2)
  28 orcs
  3 endoplasms
  3 giant cockroaches
  9 goblins
  9 hobgoblins
  10 jackals
  6 kobolds
  3 quokkas
  2 ball pythons
  4 bats
  2 frilled lizards
  A hobgoblin zombie (D:4)
  A kobold zombie (D:4)
  4 rats
252 creatures vanquished.

Vanquished Creatures (collateral kills)
  A kobold brigand (D:9)
  An orc (D:9)
  3 kobolds (D:9)
5 creatures vanquished.

Vanquished Creatures (others)
  An orc wizard (D:5)
1 creature vanquished.

Grand Total: 258 creatures vanquished

Notes
Turn   | Place    | Note
-------+----------+-------------------------------------------
     0 | D:1      | Curundu the Minotaur Berserker began the quest for the Orb.
     0 | D:1      | Reached XP level 1. HP: 19/19 MP: 0/0
   352 | D:1      | Reached XP level 2. HP: 27/27 MP: 1/1
   370 | D:1      | Reached skill level 4 in Axes
  1406 | D:2      | Reached XP level 3. HP: 31/34 MP: 2/2
  2032 | D:3      | Found Nuvuu's Distillery.
  2116 | D:3      | Reached ** piety under Trog
  2121 | D:3      | Reached XP level 4. HP: 40/41 MP: 3/3
  2275 | D:3      | Reached skill level 5 in Fighting
  2394 | D:3      | Found a faded altar of an unknown god.
  2394 | D:3      | Found a hazy altar of Hepliaklqana.
  2396 | D:3      | Found a faded altar of an unknown god.
  2711 | D:4      | Reached XP level 5. HP: 44/48 MP: 4/4
  2832 | D:4      | Reached skill level 5 in Axes
  2868 | D:4      | Found a sand-covered staircase.
  2877 | Ossuary  | Entered an ossuary
  2967 | Ossuary  | Reached skill level 6 in Axes
  2967 | Ossuary  | Reached XP level 6. HP: 23/56 MP: 5/5
  3301 | Ossuary  | Reached XP level 7. HP: 49/62 MP: 6/6
  3328 | Ossuary  | Reached skill level 7 in Axes
  3328 | Ossuary  | Reached skill level 5 in Armour
  4146 | D:5      | Entered Level 5 of the Dungeon
  4150 | D:5      | Reached skill level 8 in Axes
  4212 | D:5      | Reached XP level 8. HP: 54/71 MP: 7/7
  5015 | D:5      | Identified the +0 robe of Ralot {Fly rPois Str+3 Int-4}
  5111 | D:5      | Found a snail-covered altar of Cheibriados.
  5272 | D:6      | Reached skill level 9 in Axes
  5755 | D:6      | Noticed Duvessa
  5755 | D:6      | Noticed Dowan
  5768 | D:6      | Killed Duvessa
  5771 | D:6      | Killed Dowan
  5779 | D:6      | Reached XP level 9. HP: 66/79 MP: 8/8
  5899 | D:6      | Reached skill level 10 in Axes
  5957 | D:6      | Found a staircase to the Ecumenical Temple.
  6445 | D:7      | Found Qeikarph's Antique Weapon Emporium.
  6469 | D:7      | Found Dastounk's Assorted Antiques.
  6479 | D:7      | Reached *** piety under Trog
  6848 | D:7      | Identified the +1 dagger "Eqokhlala" {flame, rN++ Int+3}
  7131 | D:7      | Found The Oracle's Delphic Readings.
  7308 | D:7      | Found Deugaca's Distillery.
  7405 | D:8      | Reached skill level 11 in Axes
  7676 | D:8      | Reached XP level 10. HP: 41/90 MP: 9/9
  7687 | D:8      | Gained mutation: You are strong-willed. (Will+) [potion of
                  | mutation]
  7687 | D:8      | Gained mutation: You have supernaturally acute eyesight.
                  | (SInv) [potion of mutation]
  7692 | D:8      | HP: 1/90 [wyvern (14)]
  7694 | D:8      | Reached skill level 12 in Axes
  7906 | D:8      | Found a staircase to the Lair.
  8175 | D:8      | Reached skill level 10 in Armour
  8699 | D:8      | Reached **** piety under Trog
  8847 | D:8      | Reached skill level 1 in Shields
  9376 | D:9      | Found a radiant altar of Vehumet.
  9376 | D:9      | Found a glowing golden altar of the Shining One.
  9378 | D:9      | Found a broken altar of Ashenzari.
  9378 | D:9      | Found a white marble altar of Elyvilon.
  9386 | D:9      | Reached skill level 5 in Dodging
  9588 | D:9      | Found an ancient bone altar of Kikubaaqudgha.
  9628 | D:9      | Reached skill level 13 in Axes
 10153 | D:9      | Noticed a two-headed ogre
 10161 | D:9      | Killed a two-headed ogre
 10162 | D:9      | Reached skill level 10 in Fighting
 10162 | D:9      | Reached XP level 11. HP: 59/99 MP: 10/10
 10401 | D:10     | Entered Level 10 of the Dungeon
 11207 | D:10     | Found a staircase to the Orcish Mines.
 11653 | D:11     | Reached skill level 5 in Shields
 11661 | D:11     | Noticed a boulder beetle
 11662 | D:11     | Reached skill level 14 in Axes
 11678 | D:11     | HP: 1/101 [boulder beetle (14)]
 11678 | D:11     | Demolished by a boulder beetle

Illustrated notes

Levels and vault maps discovered:
D:1:      minmay_arrival_nine_rooms, layout_basic
D:2:      layout_basic, dk_noncrumbling_4
D:3:      layout_loops_ring, nicolae_hepliaklqana_ecumenical_no_more,
          serial_shops, shop
D:4:      layout_basic, nicolae_ossuary_entry_giza
D:5:      layout_loops_ring, chei_slow_surprise
D:6:      nicolae_cairo_tiling_large, layout_basic,
          minmay_temple_entry_offerings, serial_glass, glass_columns_c,
          glass_columns_b, feat_on_display, due_unseen_surprise,
          item_on_display_a, uniq_duvessa
D:7:      layout_gridville, serial_shops, nicolae_shop_crystal, shop, shop,
          enter_bailey_3, nicolae_nh_oracle_at_delphi
D:8:      layout_basic, minmay_lair_entry_grove
D:9:      layout_irregular_city, kiku_gazebo_pond_becter,
          chequers_temple_overflow_statue_of_worship, minmay_misc_feat_tower
D:10:     layout_basic, orc_0_dummy, chequers_serial_rivers_small_b
D:11:     layout_rooms

Skill      XL: |  1  2  3  4  5  6  7  8  9 10 11 |
---------------+----------------------------------+-----
Fighting       | 4 5 6 7 8 10 | 10.3
Axes           | 4 6 8 9 11 13 14 | 14.0
Armour         | 3 4 6 8 9 11 | 11.5
Dodging        | 3 4 5 6 |  6.6
Shields        | 3 5 |  5.5
Stealth        | |  0.1

Action                     |  1- 3 |  4- 6 |  7- 9 | 10-12 || total
---------------------------+-------+-------+-------+-------++-------
  Melee: Hand axe          |    74 |   142 |   202 |       ||   418
         Headbutt          |     8 |    27 |    76 |    60 ||   171
         Punch             |     1 |     1 |     6 |       ||     8
         War axe           |       |       |    89 |   291 ||   380
 Invoke: Trog's Hand       |       |     1 |     2 |     4 ||     7
         Berserk           |       |     1 |     5 |     3 ||     9
    Use: Scroll            |       |       |       |    21 ||    21
         Potion            |       |       |       |     4 ||     4
 Armour: Animal skin       |    46 |       |       |       ||    46
         Chain mail        |     6 |    96 |   203 |   150 ||   455
         Plate armour      |       |       |       |   144 ||   144
  Dodge: Dodged            |    56 |    65 |    96 |   146 ||   363
  Block: Kite shield       |       |       |       |   142 ||   142
